 Dungeon Crawl Stone Soup version 0.19.1-1-g22dce08 (webtiles) character file.

22 Gargoyl the Skirmisher (level 2, 0/27 HPs)
             Began as a Ghoul Abyssal Knight on Jan 14, 2017.
             Was a Follower of Lugonu.
             Killed from afar by Sigmund (8 damage)
             ... with a puff of flame
             ... on level 2 of the Dungeon.
             The game lasted 00:02:39 (1068 turns).

Gargoyl the Skirmisher (Ghoul Abyssal Knight)       Turns: 1068, Time: 00:02:39

Health: 0/27       AC:  3    Str: 15    XL:     2   Next: 91%
Magic:  2/2        EV:  8    Int:  7    God:    Lugonu [*.....]
Gold:   168        SH:  6    Dex:  8    Spells: 0 memorised, 1 level left

rFire  . . .     SeeInvis .     a - +1 hand axe
rCold  + . .     Gourm    .     b - +0 leather armour
rNeg   + + +     Faith    .     i - +0 shield
rPois  ∞         Spirit   .     (no helmet)
rElec  .         Reflect  .     (no cloak)
rCorr  +         Harm     .     (no gloves)
MR     .....                    (no boots)
Stlth  +.........               (no amulet)
                                (no ring)
                                d - ring of resist corrosion

@: rotting
A: rotting body, claws 1, carnivore 3, cold resistance 1, negative energy
resistance 3, slow regeneration 1, torment resistance, unbreathing
a: Depart the Abyss, Renounce Religion


You were on level 2 of the Dungeon.
You worshipped Lugonu.
Lugonu was aware of your devotion.
You were not hungry.

You visited 1 branch of the dungeon, and saw 2 of its levels.
You visited the Abyss 1 time.

You collected 168 gold pieces.

Inventory:

Hand Weapons
 a - a +1 hand axe (weapon)
Armour
 b - a +0 leather armour (worn)
 i - a +0 shield (worn)
Jewellery
 d - a ring of resist corrosion (left claw)
Scrolls
 e - a scroll of identify
 h - a scroll of recharging {unknown}
 m - a scroll of enchant armour {unknown}
 n - a scroll of random uselessness {unknown}
 o - a scroll of magic mapping {unknown}
Potions
 g - a potion of cure mutation {unknown}
 k - a potion of curing
 l - a potion of heal wounds {unknown}
 p - a potion of haste {unknown}
 q - 2 potions of mutation {unknown}
Comestibles
 c - a meat ration
 f - a beef jerky


   Skills:
 + Level 3.7 Fighting
 + Level 2.1 Axes
 * Level 2.0 Armour
 + Level 0.8 Dodging
 * Level 2.3 Invocations


You had one spell level left.
You didn't know any spells.

Dungeon Overview and Level Annotations

Branches:
Dungeon (2/15)

Altars:

Annotations:
D:2 Sigmund


Innate Abilities, Weirdness & Mutations

Your body is rotting away.
You thrive on raw meat.
You are immune to poison.
You have sharp fingernails.
You are carnivorous and can eat meat at any time.
Your flesh is cold resistant. (rC+)
You are immune to negative energy. (rN+++)
You regenerate slowly when monsters are visible.
You are immune to unholy pain and torment.
You can survive without breathing.


Message History

Deactivating autopickup; reactivate with Ctrl-A.
You miss something. Something hits you.
Your shield prevents you from hitting something.
Something hits you but does no damage.
You miss something.
You hear some strange, mumbled words.
A magic dart appears from out of thin air!
The magic dart hits you!
You miss something. Something hits you!
* * * LOW HITPOINT WARNING * * *
You feel better.
You hear some strange, mumbled words.
A puff of flame appears from out of thin air!
The puff of flame hits you!
* * * LOW HITPOINT WARNING * * *
You closely miss something.
You hear some strange, mumbled words.
A puff of flame appears from out of thin air!
The puff of flame hits you!
You die...

#.......#..##.##
#...........#..#
#.#...#.....##.#
#..............##
####.##.#####...#
#....# #.#.##
###### #....#
##.#..######
+..)@.$.(..#
##.{...#.###
#..#..# #
......... ..#.#
#.... ....#.
.?#.# ... ..
..#.# ## ### .##
#


There were no monsters in sight!

Vanquished Creatures
  A dart slug (D:2)
  A leopard gecko (D:2)
  A giant cockroach (D:1)
  4 goblins (D:1)
  2 hobgoblins
  5 kobolds (D:1)
  A bat (D:1)
  A rat (D:1)
16 creatures vanquished.

Notes
Turn   | Place    | Note
-------+----------+-------------------------------------------
     0 | Abyss:1  | Gargoyl the Ghoul Abyssal Knight began the quest for the Orb.
     0 | Abyss:1  | Reached XP level 1. HP: 19/19 MP: 1/1
    98 | Abyss:1  | Noticed a large abomination
   118 | Abyss:1  | Noticed a large abomination
   135 | Abyss:1  | Noticed an eye of draining
   178 | Abyss:1  | Noticed a wraith
   285 | Abyss:4  | Noticed a smoke demon
   286 | D:1      | Escaped the Abyss
   502 | D:1      | Reached * piety under Lugonu
   510 | D:1      | Reached XP level 2. HP: 20/26 MP: 2/2
  1036 | D:2      | Noticed Sigmund
  1068 | D:2      | Killed from afar by Sigmund

Skill      XL: |  1  2 |
---------------+-------+-----
Axes           | 2 |  2.1
Armour         | 2 |  2.0
Fighting       | |  3.7
Dodging        | |  0.8
Invocations    | |  2.3

Action                   || total
-------------------------++-------
Melee: Hand axe          ||    60
Invok: Depart the Abyss  ||     1
  Use: Potion            ||     3
       Scroll            ||     1
  Eat: Chunk             ||    10
Armor: Leather armour    ||    18
Dodge: Dodged            ||    31
Block: Shield            ||    15
